 Dungeon Crawl Stone Soup version 0.27.1-2-g3b301248ec (webtiles) character file.

Game seed: 6058951399264415091

109 Borgoz the Cudgeller (level 4, -1/28 HPs)
             Began as a Gargoyle Gladiator on Sept 28, 2021.
             Slain by an orc wizard (4 damage)
             ... on level 3 of the Dungeon.
             The game lasted 00:02:21 (3159 turns).

Borgoz the Cudgeller (Gargoyle Gladiator)           Turns: 3159, Time: 00:02:22

Health: -1/28      AC: 15    Str: 19    XL:     4   Next: 90%
Magic:  4/4        EV:  6    Int:  8    God:
Gold:   46         SH:  0    Dex: 11    Spells: 3/3 levels left

rFire    . . .     SeeInvis .   a - +0 flail
rCold    . . .     Faith    .   (no shield)
rNeg     + . .     Spirit   .   k - +0 plate armour
rPois    ∞         Reflect  .   c - +0 helmet
rElec    +         Harm     .   (no cloak)
rCorr    .         Rampage  .   (no gloves)
Will     .....                  (no boots)
Stlth    ..........             (no amulet)
HPRegen  0.09/turn              (no ring)
MPRegen  0.09/turn              (no ring)

@: no status effects
A: sickness immunity, AC +3, negative energy resistance 1, electricity
resistance, torment resistance 1, petrification resistance
a: no special abilities


You were on level 3 of the Dungeon.
You visited 1 branch of the dungeon, and saw 3 of its levels.

You collected 46 gold pieces.

Inventory:

Hand Weapons
 a - a +0 flail (weapon)
Missiles
 d - 3 throwing nets (quivered)
Armour
 c - a +0 helmet (worn)
 k - a +0 plate armour (worn)
Scrolls
 b - 3 scrolls of identify {unknown}
 e - 2 scrolls of teleportation {unknown}
 g - 2 scrolls of enchant weapon {unknown}
 i - a scroll of amnesia {unknown}
 l - a scroll of noise {unknown}
Potions
 f - a potion of mutation {unknown}
 h - 2 potions of curing {unknown}
 j - a potion of might {unknown}


   Skills:
 * Level 3.3 Fighting
 * Level 3.7 Maces & Flails
 - Level 2.3 Throwing
 * Level 1.2 Armour
 * Level 3.0 Dodging


You had 3 spell levels left.
You didn't know any spells.
Your spell library was empty.

Dungeon Overview and Level Annotations

Branches:
Dungeon (3/15)

Altars:
Ashenzari
Yredelemnul


Innate Abilities, Weirdness & Mutations

You are immune to sickness and miasma.
Your stone body is resilient. (AC +3)
You are immune to poison.
You resist negative energy. (rN+)
You are resistant to electric shocks. (rElec)
You are resistant to unholy torment.
You are immune to petrification.


Message History

You hit something but do no damage. Something hits you.
Something completely misses you.
You miss something. Something hits you but does no damage.
You closely miss something. Something hits you but does no damage.
You miss something. Something hits you but does no damage.
You hit something but do no damage. Something hits you.
You miss something. Something hits you. Something hits you but does no damage.
Okay, then.
You closely miss something. Something hits you but does no damage.
You hit something. Something hits you but does no damage.
Sorry, you're not good enough to have a special ability.
Okay, then.
You closely miss something.
An orc wizard appears from thin air!
Reactivating autopickup.
The orc wizard closely misses you.
You closely miss the orc wizard.
The orc wizard is almost dead.
The orc wizard hits you but does no damage.
You miss the orc wizard.
The orc wizard is almost dead.
The orc wizard hits you but does no damage.
The orc wizard gestures at you while chanting.
You resist with some effort.
You miss the orc wizard.
The orc wizard is almost dead.
The orc wizard hits you with a +0 dagger.
* * * LOW HITPOINT WARNING * * *
You completely miss the orc wizard.
The orc wizard is almost dead.
The orc wizard hits you but does no damage.
You closely miss the orc wizard.
The orc wizard is almost dead.
The orc wizard barely misses you.
You barely miss the orc wizard.
The orc wizard is almost dead.
The orc wizard casts a spell at you. The puff of flame hits you.
* * * LOW HITPOINT WARNING * * *
The orc wizard hits you with a +0 dagger.
You die...

........#
#.#
.#.##. #.
######..#
....
#..###
####
#....#
...
#.##.#
### #.
#.# #.
#.# ..
#)# ##
#@# #o#
.o# ##.#
#.. #.#
#.# #.#


You could see an orc wizard and an orc.

Vanquished Creatures
  4 adders
  A worm (D:3)
  11 orcs (D:3)
  4 endoplasms
  A giant cockroach (D:2)
  A goblin (D:2)
  5 hobgoblins
  15 jackals
  2 quokkas
  3 bats
  5 kobolds
  A rat (D:2)
53 creatures vanquished.

Notes
Turn   | Place    | Note
-------+----------+-------------------------------------------
     0 | D:1      | Borgoz the Gargoyle Gladiator began the quest for the Orb.
     0 | D:1      | Reached XP level 1. HP: 12/12 MP: 1/1
   463 | D:1      | Reached XP level 2. HP: 14/18 MP: 2/2
  1460 | D:2      | Found a broken altar of Ashenzari.
  1469 | D:2      | Reached XP level 3. HP: 22/22 MP: 3/3
  2065 | D:2      | Reached XP level 4. HP: 22/28 MP: 4/4
  2702 | D:3      | Reached skill level 1 in Armour
  2892 | D:3      | Found a basalt altar of Yredelemnul.
  3159 | D:3      | Slain by an orc wizard

Illustrated notes

Levels and vault maps discovered:
D:1:      dpeg_arrival_signposts, layout_loops_corners
D:2:      layout_loops_cross, basic_altar
D:3:      layout_basic, nemelex_altar_shiori, kennysheep_ying_yang,
          dreamdust_ecumenical_altar_sealed_demon

Skill      XL: |  1  2  3  4 |
---------------+-------------+-----
Throwing       | 2 |  2.3
Fighting       | 3 |  3.3
Armour         | 1 |  1.2
Dodging        | 3 |  3.0
Maces & Flails | |  3.7

Action                   |  1- 3 |  4- 6 || total
-------------------------+-------+-------++-------
Melee: Flail             |   165 |   101 ||   266
Armor: Chain mail        |   141 |    18 ||   159
       Leather armour    |     7 |       ||     7
       Plate armour      |       |    62 ||    62
Dodge: Dodged            |    81 |    28 ||   109
